[Event "2nd Cambridge Open 2024"]
[Site "Cambridge"]
[Date "2024.02.20"]
[Round "3.35"]
[White "Kovalskyi, Roman"]
[Black "Lim, Mark"]
[Result "1-0"]
[ECO "C02"]
[WhiteElo "2009"]
[BlackElo "2265"]
[Annotator "TA"]
[PlyCount "74"]
[EventDate "2024.02.18"]
[EventType "swiss"]
[EventCountry "ENG"]
[SourceTitle "playchess.com"]
[Source "ChessBase"]
[SourceQuality "1"]
[TimeControl "5400+30"]

1. e4 e6 2. d4 d5 3. e5 c5 4. c3 Qb6 5. Nf3 Bd7 6. a3 cxd4 7. cxd4 Bb5 8. Bxb5+ Qxb5 9. Nc3 Qa6 10. Bd2 Nd7 11. b4 Qd3 12. Qa4 (12. Ne2 $14) 12... a6 13. Rc1 (13. b5 $11) 13... Ne7 14. h4 Nc6 15. Ne2 (15. b5 $15 Nb6 16. Qc2 Qxc2 (16... Nxd4 $2 17. Qxd3 Nxf3+ 18. Qxf3 $18) 17. Rxc2 axb5 18. Nxb5) 15... Nb6 $17 16. Qd1 Qxa3 17. Rc3 Qa4 (17... Qxb4 $2 18. Rxc6 Qb5 19. Rc7 $18) 18. Rb3 {[%emt 0:00:06] Hoping for Nc3.} Nd8 (18... Nxb4 19. Rxb4 Bxb4 20. Qxa4+ Nxa4 21. Bxb4) 19. O-O Nc4 20. b5 {[%emt 0:04:40] [#]} Nxd2 $1 $19 (20... axb5 21. Nc3 Qa6 22. Nxb5 $11) 21. Nxd2 {[%emt 0:00:03] [#]} axb5 (21... Bb4 $1 $19 {[%cal Rb4d2] and Black stays clearly on top. ...Bxd2 would now be deadly.} 22. Nf3 (22. bxa6 Bxd2 23. axb7 Rb8 $17) 22... Qxb5) 22. Nc3 $17 Qxd4 23. Nxb5 Qxe5 {[%emt 0:01:36] aiming for ...Bc5.} 24. Nf3 {[%emt 0:00:05] A dynamic duo of knights.} Qb8 25. Re1 $2 (25. Qd4 $17) 25... Be7 $19 26. Ne5 Bf6 $2 ({Less strong is} 26... Bxh4 27. Qc2 $15) ({Black should play} 26... Nc6 $19 27. Nxf7 Kxf7) 27. f4 (27. Ng4 $11 {and White is okay.}) 27... Bxe5 (27... Bxh4 $2 28. Qc2 Bxe1 29. Nc7+ $19) 28. fxe5 O-O 29. Qg4 Nc6 30. Rg3 g6 ({Not} 30... Nxe5 31. Qxg7#) 31. Qg5 Qd8 32. Qh6 (32. Nd6 $142) 32... Qb6+ 33. Kh2 Qxb5 34. h5 Nd4 $2 (34... Ne7 $19 35. hxg6 fxg6) 35. hxg6 $11 Nf3+ $2 36. gxf3 Ra2+ 37. Kh3 fxg6 {[%emt 0:01:23] Never resign too early!   Weighted Error Value: White=0.52/Black=0.73.  Loses game:     	White=2     	---        Missed win:     	---       	Black=1      Mistake:       	White=5     	Black=1      Inaccurate:     	White=1     	Black=1      OK:         	White=5     	Black=10     Best:        	White=2     	Black=4      Strong:       	---       	Black=1} 1-0

[Event "2nd Cambridge Open 2024"]
[Site "Cambridge"]
[Date "2024.02.20"]
[Round "3.36"]
[White "De Coverly, Roger D"]
[Black "Asgarova, Turan"]
[Result "1/2-1/2"]
[ECO "A04"]
[WhiteElo "1893"]
[BlackElo "1988"]
[Annotator "RC"]
[PlyCount "105"]
[EventDate "2024.02.18"]
[EventType "swiss"]
[EventCountry "ENG"]
[SourceTitle "playchess.com"]
[Source "ChessBase"]
[SourceQuality "1"]
[TimeControl "5400+30"]

1. e4 c5 2. Nf3 e6 3. d3 Nc6 4. g3 d6 5. Bg2 g6 6. O-O Bg7 7. Nc3 Nf6 8. h3 O-O 9. Be3 a6 10. a4 Rb8 11. Qd2 Qc7 12. Bh6 Bd7 13. Nh4 Nd4 14. Bxg7 Kxg7 15. f4 Qd8 16. Rf2 Nh5 17. Qe3 f5 18. Raf1 Bc6 19. Kh2 Rc8 20. Nf3 Nxf3+ 21. Bxf3 Nf6 22. b3 Rc7 23. g4 Ng8 24. gxf5 exf5 25. Rg1 Rcf7 26. Be2 Qh4 27. exf5 Rxf5 28. Bg4 R5f7 29. Rgf1 Nh6 30. Qg3 Nxg4+ 31. Qxg4 Qd8 32. Ne4 Bd7 33. Qg3 Bf5 34. Nd2 Re8 35. Nc4 Rfe7 36. Rf3 Re2+ 37. R1f2 Qd7 38. Ne3 Rxf2+ 39. Qxf2 Qe6 40. Nxf5+ Qxf5 41. d4 Re4 42. dxc5 dxc5 43. c3 a5 44. Kg3 b6 45. Re3 Qe6 46. Rxe4 Qxe4 47. Qd2 Qe6 48. c4 h5 49. Qc3+ Kf7 50. Qf3 Qe1+ 51. Kg2 Qd2+ 52. Kg3 Qe1+ 53. Kg2 1/2-1/2

[Event "2nd Cambridge Open 2024"]
[Site "Cambridge"]
[Date "2024.02.20"]
[Round "3.37"]
[White "Gardiner, Eric D"]
[Black "Volovich, Julia"]
[Result "1/2-1/2"]
[ECO "C01"]
[WhiteElo "1837"]
[BlackElo "1983"]
[Annotator "RC"]
[PlyCount "150"]
[EventDate "2024.02.18"]
[EventType "swiss"]
[EventCountry "ENG"]
[SourceTitle "playchess.com"]
[Source "ChessBase"]
[SourceQuality "1"]
[TimeControl "5400+30"]

1. e4 e6 2. d4 d5 3. exd5 exd5 4. Nf3 Bd6 5. c4 Nf6 6. Nc3 O-O 7. cxd5 Nbd7 8. Be2 Nb6 9. Bg5 Be7 10. Bxf6 Bxf6 11. Qb3 Bg4 12. O-O Re8 13. Rad1 Qd6 14. h3 Bh5 15. g4 Bg6 16. Rfe1 Qf4 17. Kg2 h5 18. gxh5 Bxh5 19. Nb5 a6 20. Na3 Rad8 21. d6 Rxd6 22. Bf1 Red8 23. Qe3 Bxf3+ 24. Qxf3 Qxf3+ 25. Kxf3 Bxd4 26. Re2 c5 27. Red2 Rf6+ 28. Kg2 Rd5 29. Nc4 Rg5+ 30. Kh1 Nd5 31. Ne3 Nf4 32. Ng4 Rb6 33. b3 f5 34. Nh2 Rh6 35. Nf3 Rgh5 36. Nxd4 Nxh3 37. Bxh3 Rxh3+ 38. Kg2 Rh2+ 39. Kf3 cxd4 40. Rxd4 R2h3+ 41. Kg2 Rc3 42. Rd8+ Kh7 43. R8d7 Rg6+ 44. Kf1 Rh3 45. R1d6 Rxd6 46. Rxd6 Rc3 47. Rd7 b5 48. Rd6 a5 49. Rd5 Rc2 50. Rxf5 Rxa2 51. Rxb5 Kg6 52. Kg2 Ra3 53. b4 a4 54. Ra5 Kf6 55. Ra6+ Ke5 56. Rg6 Rb3 57. b5 Kd5 58. Rxg7 Rxb5 59. Ra7 Rb4 60. Kg3 Kc4 61. f4 Kb3 62. Kg4 a3 63. Kg5 Ra4 64. Rb7+ Kc2 65. Rc7+ Kd2 66. Rd7+ Ke2 67. Rc7 a2 68. Rc1 a1=Q 69. Rxa1 Rxa1 70. f5 Rg1+ 71. Kh6 Ke3 72. f6 Ke4 73. f7 Rh1+ 74. Kg7 Rg1+ 75. Kh8 Rh1+ 1/2-1/2

[Event "2nd Cambridge Open 2024"]
[Site "Cambridge"]
[Date "2024.02.20"]
[Round "3.39"]
[White "Lenton, Oliver J"]
[Black "Redman, David J"]
[Result "0-1"]
[ECO "C14"]
[WhiteElo "1787"]
[BlackElo "1971"]
[Annotator "RC"]
[PlyCount "98"]
[EventDate "2024.02.18"]
[EventType "swiss"]
[EventCountry "ENG"]
[SourceTitle "playchess.com"]
[Source "ChessBase"]
[SourceQuality "1"]
[TimeControl "5400+30"]

1. e4 Nf6 2. Nc3 d5 3. d4 e6 4. Bg5 Be7 5. e5 Nfd7 6. Bxe7 Qxe7 7. Qg4 f5 8. Qg3 a6 9. Bd3 Nc6 10. Nf3 Nb6 11. a3 g5 12. Ne2 Rg8 13. h4 g4 14. Nd2 Bd7 15. Qe3 Na5 16. g3 Bb5 17. b3 Rc8 18. O-O Bxd3 19. cxd3 Nc6 20. b4 Nd7 21. Rfc1 Nd8 22. Nb3 b6 23. Qd2 Nf7 24. Nf4 Kf8 25. a4 Kg7 26. a5 c5 27. bxc5 bxc5 28. Nxc5 Nxc5 29. Rxc5 Nxe5 30. Qe3 Nf3+ 31. Kh1 Kf7 32. Rac1 Rxc5 33. dxc5 d4 34. Qe2 Rc8 35. c6 Qd6 36. c7 Nxh4 37. Qc2 Nf3 38. Kg2 Ke7 39. Rh1 Ng5 40. Rh5 Rxc7 41. Qb2 Qc6+ 42. Kf1 Qc1+ 43. Qxc1 Rxc1+ 44. Ke2 Kf6 45. Rxg5 Kxg5 46. Nxe6+ Kf6 47. Nxd4 Rc5 48. Ke3 Rxa5 49. Ne2 Re5+ 0-1

[Event "2nd Cambridge Open 2024"]
[Site "Cambridge"]
[Date "2024.02.20"]
[Round "3.40"]
[White "Myall, Ivan J"]
[Black "Maton, Emily"]
[Result "1-0"]
[ECO "C02"]
[WhiteElo "1951"]
[BlackElo "1736"]
[Annotator "RC"]
[PlyCount "117"]
[EventDate "2024.02.18"]
[EventType "swiss"]
[EventCountry "ENG"]
[SourceTitle "playchess.com"]
[Source "ChessBase"]
[SourceQuality "1"]
[TimeControl "5400+30"]

1. d4 e6 2. e4 d5 3. e5 c5 4. c3 Nc6 5. Be3 Nh6 6. Nf3 Nf5 7. Bd3 Nxe3 8. fxe3 Be7 9. O-O Qc7 10. Nbd2 Bd7 11. Rc1 O-O-O 12. b4 c4 13. Be2 f6 14. a4 Rhf8 15. b5 Na5 16. e4 Kb8 17. exd5 exd5 18. Qc2 f5 19. Rce1 g5 20. e6 Bc8 21. Bd1 Rf6 22. Nxg5 Rg6 23. Ngf3 Bxe6 24. Ne5 Rh6 25. Ndf3 Rg8 26. Qd2 Rf6 27. Bc2 Bd6 28. Nh4 Rgf8 29. Rf4 Qg7 30. Qf2 Qg5 31. Rf1 Rh6 32. Nxf5 Rhf6 33. h4 Qg8 34. Ng4 Bxf4 35. Qxf4+ Ka8 36. Nxf6 Rxf6 37. Qe5 Qf8 38. Ne3 Rxf1+ 39. Nxf1 Bg8 40. Qf5 Qxf5 41. Bxf5 Kb8 42. g4 Kc7 43. Kf2 b6 44. g5 Nb7 45. Ng3 Kd8 46. Nh5 Nd6 47. Bc2 Ne8 48. Ke3 Ke7 49. Kf4 Kf8 50. Ke5 Ke7 51. Bf5 Nd6 52. Nf6 Bf7 53. Bxh7 Be6 54. Nxd5+ Kd7 55. Nf6+ Ke7 56. g6 Nf5 57. Nd5+ Kd7 58. Nf4 Nxh4 59. Nxe6 1-0

[Event "2nd Cambridge Open 2024"]
[Site "Cambridge"]
[Date "2024.02.20"]
[Round "3.41"]
[White "Spanton, Tim R"]
[Black "Reynolds, D Ian W"]
[Result "1/2-1/2"]
[ECO "E52"]
[WhiteElo "1736"]
[BlackElo "1960"]
[Annotator "NA RC"]
[PlyCount "124"]
[EventDate "2024.02.18"]
[EventType "swiss"]
[EventCountry "ENG"]
[SourceTitle "playchess.com"]
[Source "ChessBase"]
[SourceQuality "1"]
[TimeControl "5400+30"]

1. d4 Nf6 2. c4 e6 3. Nc3 Bb4 4. Bd2 O-O 5. Nf3 d5 6. e3 b6 7. Rc1 Bb7 8. Bd3 Nbd7 9. cxd5 exd5 10. O-O Rc8 11. Nb5 Bxd2 12. Qxd2 a6 13. Na7 Ra8 14. Nc6 Qe8 15. Qb4 Bxc6 16. Rxc6 Nc5 17. Rxc5 bxc5 18. Qxc5 Qd7 19. Rc1 a5 20. Bb5 Qd6 21. Qc2 g6 22. Ne5 Rab8 23. Ba4 c5 24. Nc6 c4 25. Nxb8 Rxb8 26. b3 Qa3 27. h3 Kg7 28. f3 Rc8 29. Bb5 Rb8 30. Ba4 Rc8 31. Qd2 cxb3 32. Rxc8 bxa2 33. Rc1 a1=Q 34. Rxa1 Qxa1+ 35. Qd1 Qxd1+ 36. Bxd1 Nd7 37. Kf2 Nb6 38. Ke2 Kf6 39. Kd3 Ke6 40. e4 f6 41. Bb3 Kd6 42. Kc3 g5 43. Ba2 h6 44. Kd3 Ke6 45. g4 Kd6 46. Bb3 Ke6 47. exd5+ Kd6 48. Ke4 a4 49. Ba2 a3 50. Kf5 Nxd5 51. Bb3 Nf4 52. Kxf6 Nxh3 53. Kg6 Ng1 54. Kxh6 Nxf3 55. Ba2 Nxd4 56. Kxg5 Ke7 57. Kg6 Kf8 58. Kf6 Nc2 59. Bb1 Nb4 60. g5 a2 61. Bxa2 Nxa2 62. g6 Nb4 1/2-1/2

[Event "2nd Cambridge Open 2024"]
[Site "Cambridge"]
[Date "2024.02.20"]
[Round "3.42"]
[White "Jefremov, Aivar"]
[Black "Cole, James"]
[Result "1/2-1/2"]
[ECO "A48"]
[WhiteElo "1656"]
[BlackElo "1940"]
[Annotator "RC"]
[PlyCount "72"]
[EventDate "2024.02.18"]
[EventType "swiss"]
[EventCountry "ENG"]
[SourceTitle "playchess.com"]
[Source "ChessBase"]
[SourceQuality "1"]
[TimeControl "5400+30"]

1. d4 Nf6 2. Nf3 g6 3. Bf4 Bg7 4. e3 d6 5. Be2 Nh5 6. Bg5 h6 7. Bh4 g5 8. Bg3 Nxg3 9. hxg3 c5 10. c3 Bf5 11. Nbd2 O-O 12. g4 Bg6 13. Qb3 Qb6 14. Qxb6 axb6 15. Bb5 Nc6 16. Nf1 Ra5 17. Be2 b5 18. Ng3 e6 19. Nd2 Rfa8 20. a3 b4 21. Nc4 bxa3 22. Rxa3 Rxa3 23. Nxa3 cxd4 24. exd4 d5 25. Kd2 Bf8 26. Nc2 Na5 27. Bd3 Nb3+ 28. Ke3 Ra2 29. Bxg6 fxg6 30. Rb1 Bd6 31. Ne2 Na5 32. Kd3 Nb3 33. f3 Kf7 34. Ne3 Na5 35. Nc2 Nc4 36. b3 Na3 1/2-1/2

[Event "2nd Cambridge Open 2024"]
[Site "Cambridge"]
[Date "2024.02.20"]
[Round "3.43"]
[White "Dierssen Garcia-Barredo, Guiller"]
[Black "Blauhut, Anna"]
[Result "1-0"]
[ECO "C54"]
[WhiteElo "1937"]
[BlackElo "1534"]
[Annotator "RC"]
[PlyCount "57"]
[EventDate "2024.02.18"]
[EventType "swiss"]
[EventCountry "ENG"]
[SourceTitle "playchess.com"]
[Source "ChessBase"]
[SourceQuality "1"]
[TimeControl "5400+30"]

1. e4 e5 2. Nf3 Nc6 3. d4 exd4 4. Bc4 Bc5 5. c3 Nf6 6. cxd4 Bb4+ 7. Bd2 d5 8. exd5 Bxd2+ 9. Nbxd2 Nxd5 10. O-O O-O 11. Rc1 Nf6 12. Nb3 Bg4 13. h3 Bh5 14. Re1 Qd6 15. g4 Bg6 16. Ne5 Nb4 17. a3 Nbd5 18. Qf3 c6 19. Nc5 Nb6 20. Nxb7 Qxd4 21. Nxc6 Qxb2 22. Nd6 Nxc4 23. Nxc4 Qb5 24. Re5 Qa6 25. h4 Rfe8 26. Nd6 Rf8 27. h5 Bd3 28. g5 Nxh5 29. Ne7+ 1-0

[Event "2nd Cambridge Open 2024"]
[Site "Cambridge"]
[Date "2024.02.20"]
[Round "3.44"]
[White "Chiang, Richard"]
[Black "Hanache, Kai"]
[Result "0-1"]
[ECO "A36"]
[WhiteElo "1609"]
[BlackElo "1926"]
[Annotator "NA RC"]
[PlyCount "136"]
[EventDate "2024.02.18"]
[EventType "swiss"]
[EventCountry "ENG"]
[SourceTitle "playchess.com"]
[Source "ChessBase"]
[SourceQuality "1"]
[TimeControl "5400+30"]

1. c4 Nf6 2. Nc3 c5 3. e4 Nc6 4. g3 d6 5. Bg2 g6 6. Nge2 Bg7 7. O-O O-O 8. d3 h6 9. h3 a6 10. Be3 Rb8 11. Qd2 Kh7 12. a4 Bd7 13. Rab1 Qa5 14. b3 Na7 15. Nd5 Qxd2 16. Bxd2 Nxd5 17. exd5 b5 18. a5 Bf5 19. Nf4 g5 20. g4 gxf4 21. gxf5 Be5 22. Be4 Rg8+ 23. Kh1 f6 24. Rg1 Rg5 25. Rg4 bxc4 26. dxc4 Rxg4 27. hxg4 Rg8 28. Bf3 Rb8 29. Kh2 Rb7 30. Be4 Nc8 31. Kg2 Na7 32. Kf3 Rb8 33. Bxf4 Bxf4 34. Kxf4 Rb4 35. Ke3 Nc8 36. Bc2 Na7 37. Rh1 Kg7 38. f4 Nc8 39. Kf3 Na7 40. Re1 Kf7 41. Kg3 Rb8 42. Kh4 Rb7 43. Kh5 Rb8 44. Re2 Nc8 45. g5 hxg5 46. fxg5 fxg5 47. Kxg5 Na7 48. Rh2 Rg8+ 49. Kf4 Rg1 50. Ke3 Rg3+ 51. Kd2 Rg7 52. Rh8 Rg8 53. Rxg8 Kxg8 54. Kc3 Kf7 55. b4 Kf6 56. Bd3 cxb4+ 57. Kxb4 Ke5 58. Kc3 Nc8 59. c5 dxc5 60. Bxa6 Nd6 61. Bb7 Nxb7 62. a6 Nd6 63. a7 Nb5+ 64. Kc4 Nxa7 65. Kxc5 Nc8 66. Kc6 Nd6 67. Kd7 Nxf5 68. Kc6 Kd4 0-1

[Event "2nd Cambridge Open 2024"]
[Site "Cambridge"]
[Date "2024.02.20"]
[Round "3.45"]
[White "Gooding, Ian"]
[Black "Ismail, Mohammed Aayan"]
[Result "0-1"]
[ECO "B10"]
[WhiteElo "1923"]
[BlackElo "2115"]
[Annotator "RC"]
[PlyCount "196"]
[EventDate "2024.02.18"]
[EventType "swiss"]
[EventCountry "ENG"]
[SourceTitle "playchess.com"]
[Source "ChessBase"]
[SourceQuality "1"]
[TimeControl "5400+30"]

1. e4 c6 2. c4 d5 3. cxd5 cxd5 4. exd5 Nf6 5. Nc3 Nxd5 6. Nf3 e6 7. Bc4 Nc6 8. O-O Nb6 9. Bb3 Bc5 10. Nb5 O-O 11. d4 Be7 12. Bf4 Bd7 13. Rc1 Rc8 14. a3 Nd5 15. Bg3 Be8 16. Qd3 Qb6 17. Bc2 g6 18. Nc3 Qxb2 19. Nxd5 exd5 20. Rb1 Qxa3 21. Rxb7 Qa5 22. Bb3 a6 23. Bf4 f6 24. Bh6 Rf7 25. Qe3 Rd8 26. Rc1 Rd7 27. Rxd7 Bxd7 28. Qd3 Bb4 29. Nd2 Bf5 30. Qe2 Bd7 31. Nf3 Ne7 32. Qc2 Nf5 33. Bf4 Re7 34. g4 Ng7 35. g5 fxg5 36. Bxg5 Re8 37. Ne5 Be6 38. Qc6 Bd2 39. Bxd2 Qxd2 40. Bxd5 Qxd4 41. Bxe6+ Rxe6 42. Qc8+ Re8 43. Qc4+ Qxc4 44. Nxc4 Nf5 45. Ra1 Re6 46. f3 Kg7 47. Kf2 Kf6 48. Nd2 Rc6 49. Ne4+ Ke5 50. Ra5+ Kd4 51. Ra4+ Ke5 52. Ke2 Rc2+ 53. Nd2 Rc6 54. Ne4 Nd4+ 55. Ke3 Nf5+ 56. Ke2 Rb6 57. Nd2 Kd5 58. Kd3 Nd6 59. Ra5+ Nb5 60. Ne4 Rc6 61. h4 Ke5 62. Ke3 Kd5 63. Kd3 h6 64. Ra1 Nc7 65. Ra5+ Nb5 66. Ra1 Re6 67. Ra5 Rb6 68. Ra1 Ke5 69. Ke3 Nc7 70. Ra5+ Rb5 71. Ra3 Nd5+ 72. Kd3 Rb6 73. Ra5 Rb3+ 74. Ke2 Rb2+ 75. Kd3 Rb3+ 76. Ke2 Kd4 77. Rxa6 Rb2+ 78. Nd2 Nf4+ 79. Kd1 Rb4 80. Kc2 Ke3 81. Ra3+ Ke2 82. Ne4 Rc4+ 83. Kb2 Rc6 84. Rb3 Nd3+ 85. Kb1 Kxf3 86. Rxd3+ Kxe4 87. Rg3 Kf4 88. Rg1 g5 89. hxg5 hxg5 90. Rf1+ Ke3 91. Rf8 g4 92. Rg8 Kf3 93. Kb2 g3 94. Kb3 g2 95. Rf8+ Ke2 96. Rg8 Kf2 97. Rf8+ Kg1 98. Rf7 Rh6 0-1

[Event "2nd Cambridge Open 2024"]
[Site "Cambridge"]
[Date "2024.02.20"]
[Round "3.46"]
[White "Wheatley, Wilfred"]
[Black "Okhai, Shabir"]
[Result "1/2-1/2"]
[ECO "C45"]
[WhiteElo "1864"]
[BlackElo "2114"]
[Annotator "RC"]
[PlyCount "165"]
[EventDate "2024.02.18"]
[EventType "swiss"]
[EventCountry "ENG"]
[SourceTitle "playchess.com"]
[Source "ChessBase"]
[SourceQuality "1"]
[TimeControl "5400+30"]

1. e4 e5 2. Nf3 Nc6 3. d4 exd4 4. Nxd4 Bc5 5. Nxc6 Qf6 6. Qf3 bxc6 7. Nd2 d6 8. Nb3 Bb6 9. Bd2 Qxf3 10. gxf3 Ne7 11. a4 a5 12. Bc3 f6 13. Rg1 Kf7 14. Bd3 g6 15. h4 Re8 16. Rg2 Nd5 17. Bd2 Nb4 18. O-O-O Nxd3+ 19. cxd3 Be6 20. Kc2 Reb8 21. Nc1 Bd4 22. Bc3 c5 23. h5 Bxc3 24. hxg6+ hxg6 25. Kxc3 g5 26. f4 gxf4 27. Rh1 Rh8 28. Rgh2 Rxh2 29. Rxh2 Rg8 30. Rh7+ Rg7 31. Rxg7+ Kxg7 32. Ne2 f3 33. Ng1 Bg4 34. d4 cxd4+ 35. Kxd4 Kf7 36. Ke3 Bd7 37. Nxf3 Bxa4 38. Nd2 Bb5 39. f4 Ke7 40. Kd4 Kd7 41. e5 Ke6 42. exd6 cxd6 43. Ne4 Bc6 44. Nc3 Kf5 45. Ke3 Kg4 46. Ne2 a4 47. Nd4 Bd7 48. Ne2 Bb5 49. Nc3 Bc6 50. Ne2 Be8 51. Nc3 Kf5 52. Ne2 Ke6 53. Kd4 Bc6 54. Nc3 Kd7 55. Nd1 Kc7 56. Ne3 Bf3 57. Nc4 Kc6 58. Nd2 Bg2 59. Nc4 d5 60. Ne3 Bf3 61. Nf5 Kb5 62. Kc3 Kc5 63. Nd4 Bg4 64. Nc2 Bc8 65. Nd4 Ba6 66. Ne6+ Kd6 67. Nd4 Bc8 68. Kb4 Bd7 69. Kc3 Kc5 70. Nc2 Bg4 71. Nd4 Bd1 72. Ne6+ Kd6 73. Nd4 Ke7 74. Kb4 Kd6 75. Kc3 Bg4 76. Kb4 Bd7 77. Kc3 Kc5 78. Nc2 Bh3 79. Nd4 Bf1 80. Ne6+ Kd6 81. Nd4 Kc5 82. Ne6+ Kd6 83. Nd4 1/2-1/2

[Event "2nd Cambridge Open 2024"]
[Site "Cambridge"]
[Date "2024.02.21"]
[Round "4.2"]
[White "Sonis, Francesco"]
[Black "Hanley, Craig A"]
[Result "1-0"]
[ECO "B06"]
[WhiteElo "2573"]
[BlackElo "2431"]
[Annotator "TA"]
[PlyCount "78"]
[EventDate "2024.02.18"]
[EventType "swiss"]
[EventCountry "ENG"]
[SourceTitle "playchess.com"]
[Source "ChessBase"]
[SourceQuality "1"]
[TimeControl "5400+30"]

1. Nf3 g6 2. d4 Bg7 3. e4 d6 4. Nc3 a6 5. a4 Bg4 6. Be3 e6 7. h3 Bxf3 8. Qxf3 {[%emt 0:00:04] White is slightly better.} Nc6 9. Rd1 Nb4 10. Rd2 Qe7 11. Nd1 d5 12. exd5 O-O-O (12... Nxd5 $11 {keeps the balance.} 13. c3 Qd7) 13. dxe6 $16 fxe6 14. c3 Nd5 15. Bc4 Qd7 16. Bb3 Nge7 17. O-O Rhf8 18. Qe4 Nf5 19. Re2 Rde8 20. Bd2 c6 21. Rfe1 Kb8 22. Qd3 Bf6 23. Bc2 Bd8 24. Re4 Nf6 ({Better is} 24... Nd6) 25. Bf4+ Ka7 26. R4e2 Nd5 27. Be5 g5 28. Qd2 {[%emt 0:00:44] Wards off Nf4} Nh4 29. Be4 {[%emt 0:01:19] A strong pair of Bishops.} h5 (29... Nf4 $16 {was called for.} 30. Ne3 Nxe2+ 31. Qxe2 (31. Rxe2 Rg8 $16) 31... Bc7) 30. Qd3 (30. Ne3 $18) 30... Nf4 $14 31. Bxf4 (31. Qc4 {is more complex.} Nxe2+ 32. Qxe2 g4 33. hxg4 hxg4 34. Ne3) 31... gxf4 32. Bf3 $1 Rf5 33. Re5 $36 {[%emt 0:00:52][%mdl 2048] White is pushing.} Rg8 34. Rxf5 (34. Bxh5 Nxg2 (34... Rxg2+ 35. Kh1 $17) 35. Bg4 Nxe1 36. Rxe1 Rfg5 $17) 34... exf5 35. Kh1 (35. Bxh5 $2 Qd5 (35... Rxg2+ $2 36. Kf1 $19) 36. Kf1 Qxg2+ (36... Rxg2 37. Ke2 $11) 37. Ke2 f3+ 38. Kd2 Qg5+ (38... Qxh3 39. Qc4 $11) 39. Kc2 Qxh5 $19) (35. Qe2 $14 {is more appropriate.}) 35... Bc7 (35... c5 $1 $11) 36. b4 ({Don't play} 36. Bxh5 Rxg2 37. d5 Rg8 $17 (37... cxd5 38. Qd4+ b6 39. Qf6 $11)) 36... Qd6 37. Rg1 (37. Bxh5 $2 {loses.} f3 (37... Nxg2 $2 38. Re5 $19) (37... Rxg2 38. Bf3 $11) 38. g3 (38. gxf3 $2 Qh2#) 38... Rxg3 39. fxg3 Qxg3 $19) 37... Re8 38. Bxh5 Re7 {[%emt 0:01:28][%cal Of4f3] [#]} 39. Bf3 $1 Qg6 {[%emt 0:01:11] Weighted Error Value: White=0.16 (very precise) /Black=0.19 (very precise) .  Mistake:       	White=2     	Black=4      Inaccurate:     	White=3     	Black=4      OK:         	White=15    	Black=10     Best:        	White=1     	Black=2      Strong:       	White=2     	---} 1-0

[Event "2nd Cambridge Open 2024"]
[Site "Cambridge"]
[Date "2024.02.21"]
[Round "4.3"]
[White "Tiviakov, Sergei"]
[Black "Woltery, Nicolai"]
[Result "1-0"]
[ECO "B22"]
[WhiteElo "2537"]
[BlackElo "1979"]
[Annotator "TA"]
[PlyCount "97"]
[EventDate "2024.02.18"]
[EventType "swiss"]
[EventCountry "ENG"]
[SourceTitle "playchess.com"]
[Source "ChessBase"]
[SourceQuality "1"]
[TimeControl "5400+30"]

1. e4 c5 2. c3 Nf6 3. e5 Nd5 4. Nf3 Nc6 5. Bc4 Nb6 6. Bb3 c4 7. Bc2 d6 8. exd6 Qxd6 9. O-O Bg4 10. Re1 {[%emt 0:00:07] Prevents Ne5.} O-O-O 11. b3 Qf6 $1 {[%emt 0:11:48] The position is equal.} 12. Na3 Nd5 {[%emt 0:10:40][%cal Od5c3] Strongly threatening ...Nxc3!} 13. Qe2 Bxf3 14. Qxf3 Qxf3 15. gxf3 cxb3 16. axb3 e5 ({Black should try} 16... e6 $15) 17. b4 $14 f6 18. Nc4 Kb8 19. Be4 Nce7 20. Na5 {[%emt 0:02:30] Black should prevent c4.} f5 (20... b6 $11 {keeps the balance.}) 21. Bc2 $16 g6 (21... b6 $2 22. Nc4 $16) 22. Rxe5 Bg7 23. Re1 Nc8 24. b5 (24. Bb3 $5) 24... Rhe8 25. Rxe8 Rxe8 26. Kf1 {[%emt 0:00:19] Inhibits Re1+.} Be5 (26... Nd6 $14) 27. h3 Bf6 28. Nc4 $36 {[%emt 0:02:27][%mdl 2048] White is more active.} Bd8 (28... Rd8 $14) 29. Ra3 ({Better is} 29. Ba4 $16) 29... Bg5 $14 30. Ne3 Nf4 31. c4 Nxh3 32. c5 Nf4 33. Bb2 h5 (33... b6 $11) 34. Nc4 $16 {[%emt 0:00:42] Black is on the road to losing.} h4 (34... Ka8 $16 {keeps fighting.}) 35. Be5+ $18 Ka8 36. d4 {[%emt 0:00:44][%cal Bd2d4,Bd4e5,Be5e6][%mdl 32] White is more active.} h3 {[%emt 0:00:21] And now ...h2 would win.} 37. Kg1 Nd5 (37... Ne2+ $16 {was called for.} 38. Kh2 Bf4+ 39. Kxh3 Bxe5 40. dxe5 Rh8+ 41. Kg2 Nf4+ 42. Kg1 Ne2+ 43. Kf1 Nd4) 38. b6 Bf4 39. Nd6 Nxd6 (39... Bxe5 {is a better defense.} 40. dxe5 (40. Nxe8 Bxd4 41. Kh2 Nb4 $16) 40... Rd8 41. bxa7 Nxa7) 40. cxd6 ({But not} 40. Rxa7+ Kb8 $18) 40... Bxe5 41. dxe5 Nxb6 {[%emt 0:01:59][%mdl 4096] Endgame. KRB-KRN} 42. f4 Nd5 (42... Kb8 $142 43. Bb3 (43. Rxh3 Rd8 $18) 43... Nc8) 43. Bb3 Nxf4 44. d7 Rh8 45. e6 {[%emt 0:00:06] Threatening mate with e7.} h2+ 46. Kh1 {[%emt 0:00:04] White threatens e7 and mate.} Nd3 47. Ra2 {[%emt 0:00:06] e7 would kill now.} Nc5 {[%emt 0:00:30] [#]} 48. Rc2 $1 b6 {[%emt 0:00:18] [#]} 49. Rxc5 $1 {[%emt 0:00:06][%mdl 512] Weighted Error Value: White=0.11 (very precise) /Black=0.39.  Mistake:       	White=1     	Black=9      Inaccurate:     	White=3     	Black=1      OK:         	White=13    	Black=10     Best:        	White=3     	Black=2      Strong:       	---       	Black=1} 1-0

[Event "2nd Cambridge Open 2024"]
[Site "Cambridge"]
[Date "2024.02.21"]
[Round "4.4"]
[White "Turner, Matthew J"]
[Black "Adams, Michael"]
[Result "1/2-1/2"]
[ECO "E16"]
[WhiteElo "2448"]
[BlackElo "2674"]
[Annotator "TA"]
[PlyCount "80"]
[EventDate "2024.02.18"]
[EventType "swiss"]
[EventCountry "ENG"]
[SourceTitle "playchess.com"]
[Source "ChessBase"]
[SourceQuality "1"]
[TimeControl "5400+30"]

1. d4 Nf6 2. c4 e6 3. g3 d5 4. Bg2 Bb4+ 5. Nd2 O-O 6. Ngf3 b6 7. O-O Bb7 8. b3 a5 9. Bb2 a4 10. Rc1 {[%emt 0:04:42] The position is equal.} a3 11. Ba1 Na6 12. Ne5 Bd6 13. Nd3 Qe7 14. e3 Nb4 15. Nxb4 Bxb4 16. Qc2 c5 17. dxc5 Bxc5 18. Rfd1 Rac8 19. Qb1 Rfd8 20. cxd5 Nxd5 21. Ne4 Nxe3 22. Rxd8+ Rxd8 23. Nxc5 Bxg2 24. fxe3 Ba8 25. Ne4 {[%emt 0:02:02] [#] Prevents Qg5. Nf2 would now be deadly.} f5 26. Nf2 {[%emt 0:07:56] Black must now prevent Be5.} Qb7 27. e4 $1 fxe4 28. Qxe4 Qxe4 29. Nxe4 Bxe4 $11 {[%emt 0:00:07][%mdl 4096] Endgame. KRB-KRB} 30. Kf2 Bf5 31. Ke3 {[%emt 0:01:15] Inhibits Rd2.} Rd3+ 32. Ke2 Rd7 33. Ke3 Kf7 ({Don't do} 33... Rd3+ 34. Ke2 $17) 34. Bd4 b5 35. Rc5 Rb7 36. b4 Bb1 37. Rc3 e5 38. Bc5 Bxa2 39. Rxa3 Bd5 40. Ra7 Rxa7 {[%emt 0:00:06] Weighted Error Value: White=0.06 (flawless) /Black=0.03 (flawless) .  Inaccurate:     	White=4     	Black=2      OK:         	White=15    	Black=10     Best:        	White=3     	Black=3      Strong:       	White=1     	---} 1/2-1/2